 Dungeon Crawl Stone Soup version 0.27-a0-1342-ga99462a43c (webtiles) character file.

Game seed: 8679960304149563427

3 Delamore the Sneak (level 1, -3/14 HPs)
             Began as an Octopode Brigand on June 27, 2021.
             Slain by an adder (4 damage)
             ... on level 2 of the Dungeon.
             The game lasted 00:00:43 (209 turns).

Delamore the Sneak (Octopode Brigand)                Turns: 209, Time: 00:00:44

Health: -3/14      AC:  1    Str: 10    XL:     1   Next: 50%
Magic:  1/1        EV: 12    Int: 13    God:
Gold:   14         SH:  0    Dex: 13    Spells: 0/0 levels left

rFire    . . .     SeeInvis .   a - +2 dagger
rCold    . . .     Faith    .   (no shield)
rNeg     . . .     Spirit   .   (helmet restricted)
rPois    .         Reflect  .   (no amulet)
rElec    .         Harm     .   (no ring)
rCorr    .         Rampage  .   (no ring)
Will     .....                  (no ring)
Stlth    ++++......             (no ring)
HPRegen  0.04/turn              (no ring)
MPRegen  0.07/turn              (no ring)
                                (no ring)
                                (no ring)

@: lethally poisoned (-3 -> -11)
A: almost no armour, amphibious, 8 rings, camouflage 1, gelatinous body 1,
(nimble swimmer 1), tentacles
a: no special abilities


You were on level 2 of the Dungeon.
You visited 1 branch of the dungeon, and saw 2 of its levels.

You collected 14 gold pieces.

Inventory:

Hand Weapons
 a - a +2 dagger (weapon)
Missiles
 b - 8 poisoned darts (quivered)
 c - 2 curare-tipped darts


   Skills:
 + Level 2.0 Fighting
 + Level 2.0 Short Blades
 - Level 2.0 Throwing
 - Level 1.0 Dodging
 * Level 5.4 Stealth


You couldn't memorise any spells.
You didn't know any spells.
Your spell library was empty.

Dungeon Overview and Level Annotations

Branches:
Dungeon (1/15)

Altars:


Innate Abilities, Weirdness & Mutations

You cannot wear most types of armour.
You are amphibious.
You can wear up to eight rings at the same time.
Your skin changes colour to match your surroundings (Stealth+).
Your rubbery body absorbs attacks. (AC +1, EV +1)
((You are camouflaged near water. (Stealth+)))
You have tentacles for arms and can constrict up to eight enemies at once.


Message History

You now have 11 gold pieces (gained 1).
You now have 12 gold pieces (gained 1).
There is a faded altar of an unknown god here.
You now have 13 gold pieces (gained 1).
You now have 14 gold pieces (gained 1).
There is a stone staircase leading down here.
A hobgoblin comes into view.
A hobgoblin is nearby!
The helpless hobgoblin fails to defend itself.
You impale the hobgoblin!!
You kill the hobgoblin!
No target in view!
You fall into a shaft and drop 1 floor!
The shaft crumbles and collapses.
Found a leather armour.
Found a robe.
You see here a +0 robe.
Found a robe.
An adder and a worm come into view.
A hobgoblin comes into view.
The hobgoblin shouts!
The adder hisses angrily.
The adder closely misses you. The adder barely misses you.
A rat comes into view.
You see here a +0 robe.
You closely miss the adder. Your grab misses the adder. The adder bites you.
You are poisoned.
The adder poisons you!
You barely miss the adder. Your grab misses the adder.
You feel sick. The adder bites you.
* * * LOW HITPOINT WARNING * * *
* * * LOW HITPOINT WARNING * * *
You feel sick.
You aren't carrying any potions.
You aren't carrying any scrolls.
* * * LOW HITPOINT WARNING * * *
You feel sick. The adder bites you.
* * * LOW HITPOINT WARNING * * *
You are more poisoned.
The adder poisons you! The adder bites you.
You die...

####### #...... ##
#...... .#
###......## .#
##....####.##.####
#.......#.[.#....#
....####.#.#.## .
#...[###@$#
....####rgS#..# ..
#.w##.###..# ...
#.# ..... # ##.
..## . .# .# .. #.
.


You could see a worm, an adder, a hobgoblin and a rat.

Vanquished Creatures
  A giant cockroach (D:1)
  A hobgoblin (D:1)
  A rat (D:1)
3 creatures vanquished.

Notes
Turn   | Place    | Note
-------+----------+-------------------------------------------
     0 | D:1      | Delamore the Octopode Brigand began the quest for the Orb.
     0 | D:1      | Reached XP level 1. HP: 14/14 MP: 1/1
    82 | D:1      | Found a faded altar of an unknown god.
   197 | D:1      | You fall into a shaft and drop 1 floor!
   209 | D:2      | Slain by an adder

Illustrated notes

Levels and vault maps discovered:
D:1:      minmay_arrival_four_circles, layout_loops_ring,
          hellmonk_ecumenical_altar_pennies_from_heaven
D:2:      layout_rooms, minmay_pentomino_pile, uniq_jessica

Action                   || total
-------------------------++-------
Melee: Dagger            ||     6
 Stab: Sleeping          ||     2
Dodge: Dodged            ||     2

Table legend: (Time is in decaauts)
 A = Elapsed time spent in this place.
 B = Non-inter-level travel time spent in this place.
 C = Inter-level travel time spent in this place.
 D = Time resting spent in this place.
 E = Time spent auto-exploring this place.
 F = Levels seen in this place.
 G = Mean time per level.
                   A        B        C        D        E       F      G
               +--------+--------+--------+--------+--------+-----+--------+
         Total |    208 |    208 |      0 |      0 |    185 |   2 |  104.0 |
       Dungeon |    208 |    208 |      0 |      0 |    185 |   2 |  104.0 |
               +--------+--------+--------+--------+--------+-----+--------+

Top non-repeatable levels by time:
     D:1: 196 daAuts
     D:2: 11 daAuts
